 Dungeon Crawl Stone Soup version 0.24-a0-484-g962a3eeff7 (webtiles) character file.

Game seed: 5318059853769929587

257 DasRunzen the Skirmisher (level 5, -7/42 HPs)
             Began as a Demonspawn Fighter on July 9, 2019.
             Was an Initiate of Makhleb.
             Mangled by an orc warrior
             ... wielding a +0 dire flail
              (22 damage)
             ... on level 6 of the Dungeon.
             The game lasted 00:04:34 (2692 turns).

DasRunzen the Skirmisher (Demonspawn Fighter)       Turns: 2692, Time: 00:04:35

Health: -7/42      AC:  7    Str: 16    XL:     5   Next: 93%
Magic:  5/5        EV:  7    Int: 10    God:    Makhleb [......]
Gold:   195        SH:  9    Dex: 13    Spells: 4/4 levels left

rFire    + . .     SeeInvis .   a - +1 trident
rCold    . . .     Gourm    .   c - +0 shield
rNeg     . . .     Faith    .   t - +0 scale mail {rF+}
rPois    .         Spirit   .   h - +0 hat
rElec    .         Reflect  .   (no cloak)
rCorr    +         Harm     .   (no gloves)
MR       .....                  (no boots)
Stlth    ..........             n - amulet of magic regeneration
HPRegen  0.14/turn              g - ring of resist corrosion
MPRegen  0.34/turn              (no ring)

@: no status effects
A: hooves 2, demonic guardian 1
a: Renounce Religion


You were on level 6 of the Dungeon.
You worshipped Makhleb.
Makhleb was noncommittal.
You were hungry.

You visited 1 branch of the dungeon, and saw 4 of its levels.

You collected 195 gold pieces.

Inventory:

Hand Weapons
 a - a +1 trident (weapon)
Armour
 c - a +0 shield (worn)
 h - a +0 hat (worn)
 t - a +0 scale mail of fire resistance (worn)
Jewellery
 g - a ring of resist corrosion (left hand)
 n - an amulet of magic regeneration (around neck)
 v - a cursed ring of wizardry {unknown}
Scrolls
 l - a scroll of fear
 m - a scroll of blinking {unknown}
 o - 2 scrolls of amnesia {unknown}
 p - a scroll of fog {unknown}
 q - a scroll of enchant weapon
 r - 2 scrolls of identify {unknown}
 s - 2 scrolls of enchant armour {unknown}
 u - a scroll of remove curse
 w - a scroll of teleportation
 x - a scroll of summoning {unknown}
Potions
 b - a potion of brilliance {unknown}
 d - a potion of might
 e - a potion of lignification {unknown}
 i - 4 potions of curing {unknown}
 j - a potion of invisibility {unknown}
 k - a potion of cancellation {unknown}
Comestibles
 f - 7 rations


   Skills:
 + Level 4.1 Fighting
 + Level 3.1 Polearms
 + Level 3.8 Armour
 + Level 3.8 Shields
 + Level 0.5 Invocations


You had 4 spell levels left.
You didn't know any spells.
Your spell library was empty.

Dungeon Overview and Level Annotations

Branches:
Dungeon (3/15)

Altars:
Hepliaklqana
Makhleb


Innate Abilities, Weirdness & Mutations

You have hoof-like feet.
A weak demonic guardian rushes to your aid.


Message History

Your quasit claws the hound but does no damage.
Your quasit closely misses the hound.
Your white imp gestures at the orc warrior.
The puff of frost misses the orc warrior.
The orc warrior hits you with a +0 dire flail.
The hound closely misses you.
Your quasit barely misses the hound.
Your quasit claws the hound.
Your quasit claws the hound but does no damage.
Attack whom?
Press: ? - help, Dir - move target cursor, f/p - orc warrior
Aim: an orc warrior, wielding a +0 dire flail and wearing a +0 chain mail (moderately wounded)
You barely miss the orc warrior. You kick the orc warrior.
The orc warrior is moderately wounded.
You block the hound's attack.
Your quasit misses the hound.
Your quasit claws the hound.
Your quasit claws the hound but does no damage.
Your white imp hits the orc warrior but does no damage.
The orc warrior hits you with a +0 dire flail!!
Ouch! That really hurt!
You die...

...#.# .....## .#
........ #####..#
...## #.# #.....#
....# #..##.#####
....## #..#.# ###..##
#...###### ##..#
##....5..# ≈ ##.#
#.....h@# .≈≈
#.####.....5o# #o..o
#..#...#...$)##.5.#..
##...#######......o..
###.# ##.##..... ....
.... ### ####...
##.### ....# #.# ##..
#.#


You could see an orc warrior, a hound, a friendly quasit and a friendly white
imp.

Vanquished Creatures
  A scorpion (D:3)
  An orc priest (D:2)
  A hound (D:2)
  An orc wizard (D:3)
  An adder (D:2)
  A gnoll (D:1)
  2 worms
  A dart slug (D:1)
  2 leopard geckos
  9 orcs
  3 giant cockroaches
  7 goblins
  7 hobgoblins
  6 bats
  2 frilled lizards (D:1)
  9 kobolds
  3 rats (D:2)
57 creatures vanquished.

Vanquished Creatures (collateral kills)
  2 orc priests
  Robin (D:2)
  2 orcs
  3 goblins
  4 hobgoblins
12 creatures vanquished.

Grand Total: 69 creatures vanquished

Notes
Turn   | Place    | Note
-------+----------+-------------------------------------------
     0 | D:1      | DasRunzen the Demonspawn Fighter began the quest for the
                  | Orb.
     0 | D:1      | Reached XP level 1. HP: 18/18 MP: 1/1
   146 | D:1      | Gained mutation: You have large cloven feet. [demonic
                  | ancestry]
   146 | D:1      | Reached XP level 2. HP: 9/24 MP: 2/2
   952 | D:2      | Gained mutation: A weak demonic guardian rushes to your
                  | aid. [demonic ancestry]
   952 | D:2      | Reached XP level 3. HP: 29/29 MP: 3/3
   982 | D:2      | You fall into a shaft and drop 1 floor!
  1121 | D:3      | Found a hazy altar of Hepliaklqana.
  1121 | D:3      | Noticed a scorpion
  1138 | D:3      | Killed a scorpion
  1138 | D:3      | Gained mutation: You have hoof-like feet. [demonic
                  | ancestry]
  1138 | D:3      | Reached XP level 4. HP: 25/35 MP: 4/4
  1382 | D:2      | Noticed Robin
  1636 | D:2      | Killed Robin
  1642 | D:2      | Reached XP level 5. HP: 40/42 MP: 5/5
  2084 | D:2      | Reached skill level 4 in Fighting
  2439 | D:2      | Found a burning altar of Makhleb.
  2450 | D:2      | Became a worshipper of Makhleb the Destroyer
  2626 | D:3      | You fall into a shaft and drop 3 floors!
  2670 | D:6      | Noticed an orc warrior
  2692 | D:6      | Mangled by an orc warrior

Levels and vault maps discovered:
D:1:      minmay_arrival_doors, layout_basic
D:2:      cheibrodos_pilgrimage, layout_basic, makhleb_heckhound_becter,
          serial_forest, infiniplex_forest_end_double,
          infiniplex_forest_clump_small, infiniplex_forest_clump_large,
          infiniplex_forest_clump_small, infiniplex_forest_clump_cross,
          infiniplex_forest_straight_5, infiniplex_forest_zigzag_1, uniq_robin
D:3:      layout_loops_ring, lemuel_tele_altar
D:6:      layout_rooms, lemuel_crystal_altar, minmay_fountain_box,
          grunt_ministairs_4, lemuel_altar_in_water

Skill      XL: |  1  2  3  4  5 |
---------------+----------------+-----
Polearms       | 2 3 |  3.1
Shields        | 3 |  3.8
Armour         | 3 |  3.8
Fighting       | 4 |  4.1
Invocations    | |  0.5

Action                   |  1- 3 |  4- 6 || total
-------------------------+-------+-------++-------
Melee: Trident           |    70 |   114 ||   184
       Kick              |     9 |    20 ||    29
  Use: Scroll            |     5 |       ||     5
 Stab: Distracted        |       |     1 ||     1
  Eat: Chunk             |       |     5 ||     5
Armor: Scale mail        |    13 |    22 ||    35
Dodge: Dodged            |    14 |    15 ||    29
Block: Shield            |    29 |    34 ||    63

Table legend:
 A = Non-vault XP
 B = Vault XP
 C = Vault XP percentage of total XP
 D = Non-vault monster count
 E = Vault monster count
 F = Vault count percentage of total count
                 A         B        C        D         E       F
            +---------+---------+-------+---------+---------+-------
      Total |     224 |     144 |  39.1 |      50 |      19 |  27.5
            +---------+---------+-------+---------+---------+-------
        D:1 |      39 |       0 |   0.0 |      16 |       0 |   0.0
        D:2 |      44 |     144 |  76.6 |      19 |      19 |  50.0
        D:3 |     113 |       0 |   0.0 |      12 |       0 |   0.0
        D:6 |      28 |       0 |   0.0 |       3 |       0 |   0.0
            +---------+---------+-------+---------+---------+-------
